 Dungeon Crawl Stone Soup version 0.28-a0-1234-g826d19b2e0 (webtiles) character file.

Game seed: 6932205289879292076

377 SensoryNuts the Shield-Bearer (level 6, -16/61 HPs)
             Began as a Troll Fighter on Dec 23, 2021.
             Was a Follower of Uskayaw.
             Demolished by an ogre (20 damage)
             ... on level 4 of the Dungeon.
             The game lasted 00:02:53 (2456 turns).

SensoryNuts the Shield-Bearer (Troll Fighter)       Turns: 2456, Time: 00:02:53

Health: -16/61     AC:  5    Str: 27    XL:     6   Next: 45%
Magic:  5/5        EV: 10    Int:  4    God:    Uskayaw [*.....]
Gold:   99         SH:  0    Dex:  9    Spells: 5/5 levels left

rFire   . . .      SeeInvis .   o - +0 giant spiked club (venom)
rCold   . . .      Faith    .   (shield currently unavailable)
rNeg    . . .      Spirit   .   b - +0 robe
rPois   .          Reflect  .   (helmet restricted)
rElec   .          Harm     .   l - +0 cloak
rCorr   .          Rampage  .   (gloves unavailable)
Will    .....                   (boots unavailable)
Stlth   +.........              (no amulet)
HPRegen 1.00/turn               e - ring of flight
MPRegen 0.09/turn               (no ring)

@: flying
A: large, unfitting armour, claws 3, regeneration 1, shaggy fur 1, tough skin 1
a: Renounce Religion, Stomp


You were on level 4 of the Dungeon.
You worshipped Uskayaw.
Uskayaw was noncommittal.
You visited 1 branch of the dungeon, and saw 6 of its levels.

You collected 99 gold pieces.

Inventory:

Hand Weapons
 a - a +1 flail
 o - a +0 giant spiked club of venom (weapon)
Armour
 b - a +0 robe (worn)
 c - a +0 kite shield
 l - a +0 cloak (worn)
Jewellery
 e - a ring of flight (left claw)
Wands
 j - a wand of acid (6)
Scrolls
 d - 2 scrolls of identify
 g - 3 scrolls of teleportation
 h - a scroll of enchant weapon
 m - a scroll of vulnerability
Potions
 f - 2 potions of curing
 i - a potion of haste
 k - a potion of brilliance {unknown}
 n - a potion of heal wounds {unknown}


   Skills:
 + Level 3.2 Fighting
 + Level 3.5 Maces & Flails
 + Level 3.6 Dodging
 + Level 0.5 Stealth
 + Level 3.7 Shields


You had 5 spell levels left.
You didn't know any spells.
Your spell library contained the following spells:

 Spells                   Type           Power      Damage    Failure   Level
 Static Discharge         Conj/Air       0%         N/A       65%         2
 Dispel Undead            Necr           0%         3d6       99%         4
 Sticky Flame             Conj/Fire      0%         2d3       99%         4


Dungeon Overview and Level Annotations

Branches:
Dungeon (6/15)
 Temple: D:4-7

Altars:
Cheibriados
Uskayaw

Annotations:
D:5 1 runed translucent door, Crazy Yiuf


Innate Abilities, Weirdness & Mutations

You are too large for most types of armour.
You have claws for hands.
Your natural rate of healing is unusually fast.
You are covered in fur. (AC +1)
You have tough skin. (AC +1)


Message History

You feel sick.
You kill the adder!
You feel sick.
You feel sick.
You are no longer poisoned.
The orc hits you with a +0 short sword.
You barely miss the orc. The orc barely misses you.
You impale the orc!!
You kill the orc!
The endoplasm hits you but does no damage.
You bludgeon the endoplasm!!
You kill the endoplasm!
The orc barely misses you.
You closely miss the orc. The orc hits you with a +0 war axe.
You closely miss the orc. The orc barely misses you. x2
You bludgeon the orc!!
You kill the orc!
Items here: )) [ †.
An ogre comes into view. It is wielding a +0 giant club.
The ogre shouts!
You hear a shout! x2
An ogre is nearby!
An ogre is nearby!
An ogre is nearby!
Items here: )) [ †.
The ogre hits you with a +0 giant club.
You closely miss the ogre.
The ogre hits you with a +0 giant club!!
Ouch! That really hurt!
You hit the ogre.
The ogre is poisoned.
The ogre is lightly wounded.
The ogre hits you with a +0 giant club!
* * * LOW HITPOINT WARNING * * *
You closely miss the ogre.
The ogre is lightly wounded.
The ogre hits you with a +0 giant club!
* * * LOW HITPOINT WARNING * * *
You bludgeon the ogre!!
The ogre looks as sick as possible!
The ogre is almost dead.
The ogre hits you with a +0 giant club!!
You die...

############
..........####
######...........##
................+.
..##............##
#.##.####.###.#### #.##.#
#....<.... #.##.#
#.####[#.. #.#### #@##.#
#.# #.#..
#.....##O##.####.####.#.#
.[......o....)...........
.###.#.o...#######.....#
##.###.#..#### #......
.Z........# #......
.........## #.###..
......##.# #.....< o.....
#.# #.###..


You could see an ogre (extremely poisoned) and 2 orcs.

Vanquished Creatures
  An ice beast (D:5)
  An ogre (D:4)
  A scorpion (D:5)
  A hound (D:4)
  An iron imp (D:3)
  2 adders
  3 worms
  A dart slug (D:1)
  4 orcs
  6 ball pythons
  2 bats
  4 endoplasms
  4 giant cockroaches
  7 goblins
  5 hobgoblins
  6 kobolds
  3 frilled lizards
  8 rats
60 creatures vanquished.

Vanquished Creatures (others)
  A plant (D:1)
1 creature vanquished.

Grand Total: 61 creatures vanquished

Notes
Turn   | Place    | Note
-------+----------+-------------------------------------------
     0 | D:1      | SensoryNuts the Troll Fighter began the quest for the Orb.
     0 | D:1      | Reached XP level 1. HP: 22/22 MP: 0/0
    90 | D:1      | Reached XP level 2. HP: 29/29 MP: 1/1
   376 | D:1      | Reached XP level 3. HP: 36/36 MP: 2/2
  1197 | D:3      | Found a snail-covered altar of Cheibriados.
  1222 | D:3      | Reached XP level 4. HP: 29/44 MP: 3/3
  1330 | D:3      | Found a faded altar of an unknown god.
  1673 | D:3      | Prayed at the altar of an unknown god.
  1673 | D:3      | Became a worshipper of Uskayaw the Reveller
  1673 | D:3      | Reached * piety under Uskayaw
  1682 | D:3      | You are sucked into a shaft and drop 3 floors!
  1693 | D:5      | Entered Level 5 of the Dungeon
  1706 | D:5      | Found a runed translucent door.
  1707 | D:5      | Noticed Crazy Yiuf
  1725 | D:5      | Noticed an ice beast
  1731 | D:5      | Reached ** piety under Uskayaw
  1733 | D:5      | Killed an ice beast
  1734 | D:5      | Reached XP level 5. HP: 37/53 MP: 4/4
  2242 | D:4      | Reached XP level 6. HP: 58/61 MP: 5/5
  2455 | D:4      | HP: 2/61 [ogre (12)]
  2456 | D:4      | Demolished by an ogre

Illustrated notes

Levels and vault maps discovered:
D:1:      elethiomel_arrival_quiet, layout_rooms, serial_bayou_pond_b
D:2:      layout_loops_ring
D:3:      layout_basic, slow_altar_1, chequers_ecumenical_altar_island
D:4:      layout_basic
D:5:      layout_loops_corners, ebering_ghost_sewer_d, nicolae_zen_rock_garden,
          uniq_crazy_yiuf_cottage
D:6:      layout_cave_pods, minmay_temple_entry_mini_moons, serial_shops,
          nicolae_shop_trees, st_stairs_7, uniq_pikel, uniq_menkaure,
          uniq_duvessa

Skill      XL: |  1  2  3  4  5 |
---------------+----------------+-----
Maces & Flails | 2 3 |  3.5
Shields        | 3 |  3.7
Fighting       | 3 |  3.2
Dodging        | 3 |  3.6
Stealth        | |  0.5

Action                   |  1- 3 |  4- 6 || total
-------------------------+-------+-------++-------
Melee: Flail             |   117 |   109 ||   226
       Giant spiked club |       |    14 ||    14
  Use: Scroll            |     4 |     1 ||     5
       Potion            |     4 |       ||     4
 Stab: Sleeping          |     1 |       ||     1
Armor: Robe              |    50 |    52 ||   102
Dodge: Dodged            |    52 |    60 ||   112
Block: Kite shield       |    58 |    63 ||   121

Table legend: (Time is in decaauts)
 A = Elapsed time spent in this place.
 B = Non-inter-level travel time spent in this place.
 C = Inter-level travel time spent in this place.
 D = Time resting spent in this place.
 E = Time spent auto-exploring this place.
 F = Levels seen in this place.
 G = Mean time per level.
                   A        B        C        D        E       F      G
               +--------+--------+--------+--------+--------+-----+--------+
         Total |   2570 |   2336 |    234 |    300 |   1411 |   6 |  428.3 |
       Dungeon |   2570 |   2336 |    234 |    300 |   1411 |   6 |  428.3 |
               +--------+--------+--------+--------+--------+-----+--------+

Top non-repeatable levels by time:
     D:2: 741 daAuts
     D:3: 516 daAuts
     D:1: 507 daAuts
     D:5: 470 daAuts
     D:4: 323 daAuts
     D:6: 10 daAuts
